 Dungeon Crawl Stone Soup version 0.29-a0-676-ga64570c9d2 (webtiles) character file.

Game seed: 18052980129799577221

4749 DocClef the Blocker (level 10, -1/82 HPs)
             Began as a Gnoll Fighter on June 24, 2022.
             Was an Elder of Okawaru.
             Slain by a death knight
             ... wielding a +0 great mace
              (4 damage)
             ... on level 8 of the Dungeon.
             The game lasted 00:14:05 (9376 turns).

DocClef the Blocker (Gnoll Fighter)                 Turns: 9376, Time: 00:14:05

Health: -1/82      AC: 16    Str: 19    XL:     10   Next: 46%
Magic:  0/17       EV: 11    Int:  9    God:    Okawaru [****..]
Gold:   343        SH:  6    Dex: 13    Spells: 19/19 levels left

rFire   . . .      SeeInvis +   f - +2 flail (venom)
rCold   . . .      Faith    .   c - +0 buckler
rNeg    + . .      Spirit   +   q - +1 scale mail of Kikubaaqudgha's Whim {rElec Int+3}
rPois   +          Reflect  .   o - +0 helmet
rElec   +          Harm     .   l - +2 ratskin cloak {*Rats rPois rN+ Str-1 Int-1 Dex+1}
rCorr   .          Rampage  .   A - +0 pair of gloves
Will    .....                   e - +0 pair of boots
Stlth   ++........              B - amulet of guardian spirit
HPRegen 0.23/turn               x - ring of see invisible
MPRegen 0.15/turn               (no ring)

@: studying Maces & Flails
A: fangs 1, strong nose, distributed training
a: Renounce Religion, Heroism, Finesse


You were on level 8 of the Dungeon.
You worshipped Okawaru.
Okawaru was greatly pleased with you.
You visited 1 branch of the dungeon, and saw 9 of its levels.

You collected 343 gold pieces.

Inventory:

Hand Weapons
 a - a +0 flail
 f - a +2 flail of venom (weapon)
Missiles
 u - 3 datura-tipped darts (quivered)
 D - 3 poisoned darts
Armour
 b - a +2 ring mail of cold resistance
 c - a +0 buckler (worn)
 e - a +0 pair of boots (worn)
 l - the +2 ratskin cloak (worn) {*Rats rPois rN+ Str-1 Int-1 Dex+1}
   (You found it on level 5 of the Dungeon)

   When the wearer is hurt, rats may emerge from it to assist them.
   Str:       It affects your strength (-1).
   Int:       It affects your intelligence (-1).
   Dex:       It affects your dexterity (+1).
   rPois:     It protects you from poison.
   rN:        It protects you from negative energy.
 o - a +0 helmet (worn)
 q - the +1 scale mail of Kikubaaqudgha's Whim (worn) {rElec Int+3}
   (You found it on level 4 of the Dungeon)

   Int:       It affects your intelligence (+3).
   rElec:     It insulates you from electricity.
 A - a +0 pair of gloves (worn)
Jewellery
 g - a +6 ring of intelligence
 t - a ring of ice
 x - a ring of see invisible (left hand)
 y - a ring of fire
 B - an amulet of guardian spirit (around neck)
Scrolls
 h - 6 scrolls of identify
 k - a scroll of poison {unknown}
 n - 2 scrolls of magic mapping
 v - a scroll of vulnerability {unknown}
 w - a scroll of enchant armour
 z - a scroll of enchant weapon {unknown}
 C - a scroll of fear
Potions
 i - 6 potions of curing
 j - a potion of magic
 m - 2 potions of invisibility
 p - 4 potions of flight
 r - 2 potions of brilliance
 s - 2 potions of mutation
 E - a potion of heal wounds


   Skills:
 + Level 8.5 Fighting
 + Level 5.3 Short Blades
 + Level 5.3 Long Blades
 + Level 5.3 Axes
 + Level 8.2 Maces & Flails
 + Level 5.3 Polearms
 + Level 5.3 Staves
 + Level 5.3 Slings
 + Level 5.3 Bows
 + Level 5.3 Crossbows
 + Level 5.3 Throwing
 + Level 8.5 Armour
 + Level 5.3 Dodging
 + Level 5.3 Stealth
 + Level 8.5 Shields
 + Level 5.3 Unarmed Combat
 + Level 5.3 Spellcasting
 + Level 4.3 Conjurations
 + Level 4.3 Hexes
 + Level 4.3 Summonings
 + Level 4.3 Necromancy
 + Level 4.3 Translocations
 + Level 4.3 Transmutations
 + Level 4.3 Fire Magic
 + Level 4.3 Ice Magic
 + Level 4.3 Air Magic
 + Level 4.3 Earth Magic
 + Level 4.3 Poison Magic
 + Level 5.8 Invocations
 + Level 5.3 Evocations


You had 19 spell levels left.
You didn't know any spells.
Your spell library contained the following spells:

 Spells                   Type           Power      Damage    Failure   Level
 Static Discharge         Conj/Air       10%        N/A       19%         2
 Gell's Gravitas          Tloc           10%        N/A       36%         3
 Inner Flame              Hex/Fire       10%        N/A       36%         3
 Lesser Beckoning         Tloc           10%        N/A       36%         3
 Teleport Other           Tloc           10%        N/A       36%         3
 Cause Fear               Hex            5%         N/A       77%         4
 Dispel Undead            Necr           10%        3d9       77%         4
 Sticky Flame             Conj/Fire      10%        2d3       77%         4
 Discord                  Hex            5%         N/A       100%        8


Dungeon Overview and Level Annotations

Branches:
Dungeon (9/15)             Temple (0/1) D:6
   Lair: D:8-11         Orc: D:9-12

Altars:
Dithmenos
Elyvilon
Fedhas
Makhleb
Okawaru
Ru
Vehumet


Innate Abilities, Weirdness & Mutations

You have very sharp teeth.
Your uncanny sense of smell can sniff out nearby items.
Your experience applies equally to all skills.


Message History

Here: a death knight, wielding a +0 great mace and wearing a +0 plate armour (severely wounded, reflecting injuries, very poisoned)
The floor.
The death knight reflects your damage back at you!
There is an open door here.
Throw: 3 darts (datura)
Press: ? - help, Q - select action, (/) - cycle Shift-Dir - straight line, f/p - death knight
Aim: a death knight, wielding a +0 great mace and wearing a +0 plate armour (severely wounded, reflecting injuries, very poisoned, 72% to hit, chance to frenzy on hit: 56%)
You throw a datura-tipped dart.
The datura-tipped dart hits the death knight!
The death knight resists.
The death knight is severely wounded.
The death knight mumbles some strange prayers to Yredelemnul against you.
Your body is wracked with pain!
The death knight reflects your damage back at you!
The death knight invokes the aid of Yredelemnul against you.
You struggle to resist.
The death knight's dark mirror aura disappears.
The death knight reflects your damage back at you!
There is a stone staircase leading up here.
You climb upwards.
There is a stone staircase leading down here.
You start resting.
You feel like a meek peon again.
You climb downwards.
There is a stone staircase leading up here.
You see here a datura-tipped dart.
u - 3 datura-tipped darts (gained 1)
The death knight offers itself to Yredelemnul, and fills with unholy energy.
You thump the death knight!
The death knight looks even sicker.
The death knight is almost dead.
The death knight reflects your damage back at you!
The death knight hits you with a +0 great mace!!
* * * LOW HITPOINT WARNING * * *
The death knight hits you with a +0 great mace!
* * * LOW HITPOINT WARNING * * *
The death knight attacks as you move away!
You block the death knight's attack.
The death knight attacks as you move away!
The death knight hits you with a +0 great mace.
You die...

### ######### #<# #.......# #.#
#.......# ###.# ####.......#
#...#
#..........###...################
.................'.....>..(......
...........###..@################
...........# #..p# #.....#
...........# #...# #.###.#
...........#####.# #...#.#
.....##......# #.# ###.#.#
......#......# #.# #.#.#
......#......# #.# #.#.#
.##...#......# #.# #.#.###
.##...#......# #.# #.#....


You could see a death knight (reflects damage, very poisoned).

Vanquished Creatures
  A two-headed ogre (D:5)
  Joseph (D:7)
  A wyvern (D:7)
  3 steam dragons
  4 ice beasts
  2 black bears
  An orc warrior (D:5)
  2 ogres
  A centaur (D:9)
  A kobold brigand (D:8)
  A phantom (D:5)
  3 bullfrogs
  3 scorpions
  2 necrophages (D:5)
  3 wights (D:8)
  7 killer bees
  2 howler monkeys
  4 hounds
  A jelly (D:4)
  4 orc priests
  A gnoll shaman (D:6)
  3 iguanas
  6 orc wizards
  A mummy (D:6)
  5 gnolls
  7 adders
  3 shadow imps
  2 white imps
  3 ufetubi
  A worm (D:2)
  2 dart slugs (D:1)
  17 orcs
  8 ball pythons
  3 bats
  5 endoplasms
  4 giant cockroaches (D:1)
  7 goblins
  6 hobgoblins
  A jackal (D:4)
  5 quokkas
  8 frilled lizards
  A hobgoblin zombie (D:6)
  11 kobolds
  A kobold zombie (D:6)
  2 orc zombies (D:6)
  3 rats
163 creatures vanquished.

Vanquished Creatures (collateral kills)
  A phantasmal warrior (D:9)
1 creature vanquished.

Grand Total: 164 creatures vanquished

Notes
Turn   | Place    | Note
-------+----------+-------------------------------------------
     0 | D:1      | DocClef the Gnoll Fighter began the quest for the Orb.
     0 | D:1      | Reached XP level 1. HP: 23/23 MP: 1/1
   159 | D:1      | Reached XP level 2. HP: 28/29 MP: 2/2
   907 | D:2      | Reached XP level 3. HP: 35/35 MP: 3/3
   936 | D:2      | Reached skill level 1 in Invocations
  1128 | D:2      | Found a white marble altar of Elyvilon.
  1145 | D:2      | Identified the +1 robe "Kaumun" {*Slow Regen+ SInv}
  1164 | D:2      | Reached skill level 1 in Short Blades
  1164 | D:2      | Reached skill level 1 in Long Blades
  1164 | D:2      | Reached skill level 1 in Axes
  1164 | D:2      | Reached skill level 1 in Polearms
  1164 | D:2      | Reached skill level 1 in Staves
  1164 | D:2      | Reached skill level 1 in Slings
  1164 | D:2      | Reached skill level 1 in Bows
  1164 | D:2      | Reached skill level 1 in Crossbows
  1164 | D:2      | Reached skill level 1 in Throwing
  1164 | D:2      | Reached skill level 1 in Dodging
  1164 | D:2      | Reached skill level 1 in Stealth
  1164 | D:2      | Reached skill level 1 in Unarmed Combat
  1164 | D:2      | Reached skill level 1 in Spellcasting
  1164 | D:2      | Reached skill level 1 in Evocations
  1471 | D:3      | Noticed a bullfrog
  1478 | D:3      | Killed a bullfrog
  1479 | D:3      | Reached skill level 1 in Conjurations
  1479 | D:3      | Reached skill level 1 in Hexes
  1479 | D:3      | Reached skill level 1 in Summonings
  1479 | D:3      | Reached skill level 1 in Necromancy
  1479 | D:3      | Reached skill level 1 in Translocations
  1479 | D:3      | Reached skill level 1 in Transmutations
  1479 | D:3      | Reached skill level 1 in Fire Magic
  1479 | D:3      | Reached skill level 1 in Ice Magic
  1479 | D:3      | Reached skill level 1 in Air Magic
  1479 | D:3      | Reached skill level 1 in Earth Magic
  1479 | D:3      | Reached skill level 1 in Poison Magic
  1479 | D:3      | Reached XP level 4. HP: 28/41 MP: 5/5
  1479 | D:3      | Reached XP level 5. HP: 32/47 MP: 6/6
  1570 | D:3      | Found a burning altar of Makhleb.
  1570 | D:3      | Found an iron altar of Okawaru.
  1587 | D:3      | Found a sacrificial altar of Ru.
  1590 | D:3      | Became a worshipper of Warmaster Okawaru
  1917 | D:3      | HP: 2/47 [poisoned by an orc]
  2233 | D:3      | Found a radiant altar of Vehumet.
  2235 | D:3      | Found a blossoming altar of Fedhas.
  2240 | D:3      | Found a shadowy altar of Dithmenos.
  2880 | D:4      | Found a white marble altar of Elyvilon.
  3050 | D:4      | Reached XP level 6. HP: 53/53 MP: 8/8
  3420 | D:4      | Reached skill level 5 in Maces & Flails
  3663 | D:4      | Identified the +1 scale mail of Kikubaaqudgha's Whim {rElec
                  | Int+3}
  3684 | D:5      | Entered Level 5 of the Dungeon
  3911 | D:5      | Noticed a black bear
  3918 | D:5      | Noticed an ice beast
  3920 | D:5      | Killed a black bear
  3920 | D:5      | Reached * piety under Okawaru
  3921 | D:5      | Reached XP level 7. HP: 56/60 MP: 10/10
  4265 | D:5      | Noticed a two-headed ogre
  4292 | D:5      | Killed a two-headed ogre
  4292 | D:5      | Reached ** piety under Okawaru
  4292 | D:5      | Reached *** piety under Okawaru
  4293 | D:5      | Reached XP level 8. HP: 10/67 MP: 10/13
  4960 | D:5      | Found the +2 ratskin cloak {*Rats rPois rN+ Str-1 Int-1
                  | Dex+1}
  4995 | D:5      | Reached XP level 9. HP: 72/72 MP: 14/14
  5961 | D:6      | Found a staircase to the Ecumenical Temple.
  6961 | D:7      | Reached **** piety under Okawaru
  7098 | D:7      | HP: 2/74 [ogre/+0 giant spiked club (10)]
  7101 | D:7      | Noticed Joseph
  7113 | D:7      | Killed Joseph
  7114 | D:7      | Reached skill level 5 in Invocations
  7464 | D:7      | Reached XP level 10. HP: 47/80 MP: 14/17
  8176 | D:8      | Reached skill level 5 in Short Blades
  8176 | D:8      | Reached skill level 5 in Long Blades
  8176 | D:8      | Reached skill level 5 in Axes
  8176 | D:8      | Reached skill level 5 in Polearms
  8176 | D:8      | Reached skill level 5 in Staves
  8176 | D:8      | Reached skill level 5 in Slings
  8176 | D:8      | Reached skill level 5 in Bows
  8176 | D:8      | Reached skill level 5 in Crossbows
  8176 | D:8      | Reached skill level 5 in Throwing
  8176 | D:8      | Reached skill level 5 in Dodging
  8176 | D:8      | Reached skill level 5 in Stealth
  8176 | D:8      | Reached skill level 5 in Unarmed Combat
  8176 | D:8      | Reached skill level 5 in Spellcasting
  8176 | D:8      | Reached skill level 5 in Evocations
  9045 | D:9      | Noticed a death knight
  9051 | D:9      | Noticed a phantasmal warrior
  9063 | D:9      | Killed a phantasmal warrior
  9063 | D:9      | Reached ***** piety under Okawaru
  9374 | D:8      | HP: 3/82 [death knight/+0 great mace (9)]
  9376 | D:8      | Slain by a death knight

Illustrated notes

Levels and vault maps discovered:
D:1:      dpeg_arrival_rhombus, layout_basic, minmay_misc_feat_room,
          minivault_19, minmay_distorted
D:2:      layout_loops_ring, basic_altar
D:3:      layout_loops_cross, nicolae_overflow_hallway_of_the_gods
D:4:      layout_basic, minmay_ruined_shrine
D:5:      layout_basic, minmay_manual_mullet
D:6:      layout_basic, minmay_temple_entry_mist, minmay_mini_ossuary
D:7:      layout_gridville, uniq_joseph
D:8:      layout_basic, nicolae_two_hexagons
D:9:      layout_cave_pods, dk_noncrumbling_2, grunt_ministairs_11,
          kennysheep_diamond, minmay_misc_feat_encased

Skill      XL: |  1  2  3  4  5  6  7  8  9 10 |
---------------+-------------------------------+-----
Invocations    | 1 2 3 4 5 |  5.8
Short Blades   | 1 2 3 4 5 |  5.3
Long Blades    | 1 2 3 4 5 |  5.3
Axes           | 1 2 3 4 5 |  5.3
Polearms       | 1 2 3 4 5 |  5.3
Staves         | 1 2 3 4 5 |  5.3
Slings         | 1 2 3 4 5 |  5.3
Bows           | 1 2 3 4 5 |  5.3
Crossbows      | 1 2 3 4 5 |  5.3
Throwing       | 1 2 3 4 5 |  5.3
Dodging        | 1 2 3 4 5 |  5.3
Stealth        | 1 2 3 4 5 |  5.3
Unarmed Combat | 1 2 3 4 5 |  5.3
Spellcasting   | 1 2 3 4 5 |  5.3
Evocations     | 1 2 3 4 5 |  5.3
Conjurations   | 1 2 3 4 |  4.3
Hexes          | 1 2 3 4 |  4.3
Summonings     | 1 2 3 4 |  4.3
Necromancy     | 1 2 3 4 |  4.3
Translocations | 1 2 3 4 |  4.3
Transmutations | 1 2 3 4 |  4.3
Fire Magic     | 1 2 3 4 |  4.3
Ice Magic      | 1 2 3 4 |  4.3
Air Magic      | 1 2 3 4 |  4.3
Earth Magic    | 1 2 3 4 |  4.3
Poison Magic   | 1 2 3 4 |  4.3
Maces & Flails | 5 6 7 8 |  8.2
Fighting       | 7 8 |  8.5
Armour         | 7 8 |  8.5
Shields        | 7 8 |  8.5

Action                   |  1- 3 |  4- 6 |  7- 9 | 10-12 || total
-------------------------+-------+-------+-------+-------++-------
Melee: Flail             |    93 |   137 |   235 |    93 ||   558
       Bite              |    10 |    19 |    23 |    17 ||    69
Throw: Dart              |       |       |       |     3 ||     3
Invok: Heroism           |       |       |     4 |     2 ||     6
  Use: Scroll            |       |     6 |     6 |       ||    12
       Potion            |       |     4 |     2 |     1 ||     7
 Stab: Sleeping          |       |       |     1 |       ||     1
Armor: Scale mail        |    33 |    61 |   110 |    49 ||   253
Dodge: Dodged            |    37 |    61 |   132 |    53 ||   283
Block: Buckler           |    24 |    40 |   101 |    37 ||   202

Table legend: (Time is in decaauts)
 A = Elapsed time spent in this place.
 B = Non-inter-level travel time spent in this place.
 C = Inter-level travel time spent in this place.
 D = Time resting spent in this place.
 E = Time spent auto-exploring this place.
 F = Levels seen in this place.
 G = Mean time per level.
                   A        B        C        D        E       F      G
               +--------+--------+--------+--------+--------+-----+--------+
         Total |   9471 |   9257 |    214 |   2055 |   5791 |   9 | 1052.3 |
       Dungeon |   9471 |   9257 |    214 |   2055 |   5791 |   9 | 1052.3 |
               +--------+--------+--------+--------+--------+-----+--------+

Top non-repeatable levels by time:
     D:5: 1751 daAuts
     D:7: 1376 daAuts
     D:8: 1359 daAuts
     D:3: 1268 daAuts
     D:6: 1156 daAuts
     D:4: 971 daAuts
     D:2: 791 daAuts
     D:1: 696 daAuts
     D:9: 99 daAuts
